 Dungeon Crawl Stone Soup version 0.30-a0-779-g7971cf19c3 (webtiles) character file.

Game seed: 15053517646714301146

2473 Dittersdorf the Trooper (level 9, -4/57 HPs)
             Began as a Gargoyle Fighter on Feb 17, 2023.
             Was a Follower of Okawaru.
             Slain by a hornet (8 damage)
             ... on level 7 of the Dungeon.
             The game lasted 00:07:07 (6792 turns).

Dittersdorf the Trooper (Gargoyle Fighter)          Turns: 6792, Time: 00:07:07

Health: -4/57      AC: 20    Str: 25    XL:     9   Next: 51%
Magic:  9/9        EV: 14    Int:  8    God:    Okawaru [*.....]
Gold:   407        SH:  6    Dex: 15    Spells: 8/8 levels left

rFire   . . .      SeeInvis .    o - +0 morningstar (elec)
rCold   . . .      Faith    .    c - +0 buckler
rNeg    + . .      Spirit   .    z - +1 scale mail {rPois}
rPois   ∞          Reflect  .    (no helmet)
rElec   +          Harm     .    y - +2 cloak
rCorr   .          Rampage  .    (no gloves)
Will    .....                    A - +0 pair of boots Stlth
                                 D - amulet of the acrobat
HPRegen 0.29/turn                v - +5 ring of evasion
MPRegen 0.11/turn                C - +6 ring of dexterity

@: no status effects
A: sickness immunity, AC +6, negative energy resistance 1, electricity
resistance, torment resistance 1, petrification resistance
a: Renounce Religion, Heroism


You were on level 7 of the Dungeon.
You worshipped Okawaru.
Okawaru was aware of your devotion.
You visited 2 branches of the dungeon, and saw 8 of its levels.

You collected 407 gold pieces.

Inventory:

Hand Weapons
 o - a +0 morningstar of electrocution (weapon)
Missiles
 x - 26 poisoned darts (quivered)
Armour
 c - a +0 buckler (worn)
 f - a +0 chain mail
 y - a +2 cloak (worn)
 z - a +1 scale mail of poison resistance (worn)
 A - a +0 pair of boots (worn)
Jewellery
 v - a +5 ring of evasion (left hand)
 w - a ring of flight
 C - a +6 ring of dexterity (right hand)
 D - an amulet of the acrobat (around neck)
Wands
 r - a wand of flame (18)
 u - a wand of roots (7)
Scrolls
 a - a scroll of brand weapon
 e - a scroll of fear
 g - 3 scrolls of teleportation
 h - 3 scrolls of poison
 l - a scroll of fog
 p - 3 scrolls of enchant armour
 q - a scroll of enchant weapon
 B - a scroll of identify
Potions
 b - 5 potions of curing
 d - 2 potions of might
 i - a potion of ambrosia
 j - a potion of berserk rage
 k - a potion of heal wounds {unknown}
 m - 3 potions of lignification {unknown}
 n - a potion of flight
 s - 2 potions of mutation {unknown}
 t - 2 potions of resistance


   Skills:
 + Level 7.6 Fighting
 + Level 6.5 Maces & Flails
 + Level 7.6 Armour
 + Level 7.6 Shields


You had 8 spell levels left.
You didn't know any spells.
Your spell library contained the following spells:

 Spells                   Type           Power      Damage    Failure   Level
 Slow                     Hex            0%         N/A       75%         1
 Ensorcelled Hibernation  Hex/Ice        0%         N/A       87%         2
 Static Discharge         Conj/Air       0%         2-2/arc   87%         2
 Confusing Touch          Hex            0%         N/A       98%         3
 Hailstorm                Conj/Ice       0%         3d3       98%         3
 Ozocubu's Armour         Ice            0%         N/A       98%         3
 Portal Projectile        Hex/Tloc       0%         N/A       98%         3
 Vampiric Draining        Necr           0%         2d6       98%         3
 Vhi's Electric Charge    Tloc/Air       0%         N/A       98%         3
 Leda's Liquefaction      Hex/Erth       0%         N/A       100%        4
 Arcjolt                  Conj/Air       0%         1d10      100%        5
 Freezing Cloud           Conj/Ice/Air   0%         6-21      100%        5
 Lightning Bolt           Conj/Air       0%         1d11      100%        5
 Call Canine Familiar     Summ           Unusable   N/A       N/A         3

Dungeon Overview and Level Annotations

Branches:
Dungeon (7/15)             Temple (1/1) D:6

Altars:
Ashenzari
Dithmenos
Elyvilon
Fedhas
Kikubaaqudgha
Makhleb
Nemelex Xobeh
Okawaru
Qazlal
Ru
Trog
Uskayaw
Vehumet
Wu Jian
Yredelemnul
The Shining One

Shops:
D:6 (


Innate Abilities, Weirdness & Mutations

You are immune to sickness and miasma.
Your stone body is resilient. (AC +6)
You are immune to poison.
You resist negative energy. (rN+)
You are resistant to electric shocks. (rElec)
You are resistant to unholy torment.
You are immune to petrification.


Message History

The hornet stings you!
* * * LOW HITPOINT WARNING * * *
You sock the hornet!
The hornet is almost dead.
The hornet completely misses you.
You hit the hornet.
The hornet is almost dead.
The hornet stings you but does no damage.
The hornet misses you.
You closely miss the hornet.
The hornet is almost dead.
The hornet barely misses you. The hornet stings you.
* * * LOW HITPOINT WARNING * * *
You hit the hornet but do no damage.
The hornet is almost dead.
You block the hornet's attack.
The hornet stings you but does no damage.
You closely miss the hornet.
The hornet is almost dead.
The hornet stings you but does no damage.
The hornet stings you.
* * * LOW HITPOINT WARNING * * *
You closely miss the hornet.
The hornet is almost dead.
The hornet closely misses you. The hornet barely misses you.
You miss the hornet.
The hornet is almost dead.
The hornet stings you but does no damage.
You miss the hornet.
The hornet is almost dead.
The hornet closely misses you.
The hornet stings you but does no damage.
You closely miss the hornet.
The hornet is almost dead.
The hornet closely misses you.
The hornet stings you but does no damage.
You hit the hornet but do no damage.
The hornet is almost dead.
You block the hornet's attack. The hornet stings you!
You die...

...#..........#..# #.#
.###.......#.#.#.# #.# .
#.............######.#
.............#.#.....##.#
............o....###.##.#
...............#.# #.##.#
...............oo# #....#
....###........#y# ######
... ##.......#@#
.........#.#
.................#
.................#
.................#
.................#
.................#
.........#####...#
.............#.###


You could see a hornet and 2 orcs.

Vanquished Creatures
  Pikel (D:6)
  Prince Ribbit (D:7)
  2 sky beasts (D:6)
  An ogre (D:5)
  A centaur (D:6)
  3 phantoms (D:6)
  Blork the orc (D:6)
  A kobold brigand (D:5)
  A necrophage (D:5)
  4 scorpions
  5 wights
  4 hounds
  2 orc priests
  A jelly (D:5)
  Jessica (D:2)
  Terence (D:3)
  An iguana (D:4)
  5 gnolls
  7 adders
  2 shadow imps
  3 white imps (D:5)
  2 worms
  8 dart slugs
  19 orcs
  7 ball pythons
  10 bats
  3 endoplasms
  6 giant cockroaches
  7 goblins
  7 hobgoblins
  6 quokkas
  8 frilled lizards
  10 kobolds
  7 rats
148 creatures vanquished.

Notes
Turn   | Place    | Note
-------+----------+-------------------------------------------
     0 | D:1      | Dittersdorf the Gargoyle Fighter began the quest for the
                  | Orb.
     0 | D:1      | Reached XP level 1. HP: 14/14 MP: 1/1
   118 | D:1      | Reached XP level 2. HP: 14/19 MP: 2/2
   347 | D:1      | Found a faded altar of an unknown god.
   573 | D:1      | Reached XP level 3. HP: 23/23 MP: 3/3
  1067 | D:2      | Noticed Jessica
  1077 | D:2      | Killed Jessica
  1078 | D:2      | Reached XP level 4. HP: 16/29 MP: 4/4
  2109 | D:3      | Reached XP level 5. HP: 33/33 MP: 5/5
  2283 | D:3      | Found an ancient bone altar of Kikubaaqudgha.
  2670 | D:3      | Noticed Terence
  2683 | D:3      | Killed Terence
  3291 | D:4      | Reached XP level 6. HP: 39/39 MP: 6/6
  4099 | D:5      | Entered Level 5 of the Dungeon
  4244 | D:5      | Reached skill level 5 in Fighting
  4244 | D:5      | Reached skill level 5 in Armour
  4278 | D:5      | Identified the +0 ring mail "Lemakorgh" {rF+ Str+3}
  4290 | D:5      | Reached skill level 5 in Shields
  4290 | D:5      | Reached XP level 7. HP: 41/44 MP: 7/7
  5543 | D:6      | Reached XP level 8. HP: 50/51 MP: 8/8
  5637 | D:6      | Reached skill level 5 in Maces & Flails
  5827 | D:6      | Found a staircase to the Ecumenical Temple.
  5834 | Temple   | Entered the Ecumenical Temple
  5863 | Temple   | Became a worshipper of Warmaster Okawaru
  5917 | D:6      | Found Qupeatu's Antique Weapon Shoppe.
  5928 | D:6      | Got the Papyrus of the Serac
  5975 | D:6      | Noticed Blork the orc
  5984 | D:6      | Killed Blork the orc
  6106 | D:6      | Found a blossoming altar of Fedhas.
  6465 | D:7      | Noticed Prince Ribbit
  6475 | D:7      | Killed Prince Ribbit
  6475 | D:7      | Reached * piety under Okawaru
  6476 | D:7      | Reached XP level 9. HP: 56/56 MP: 9/9
  6486 | D:7      | Noticed Pikel
  6513 | D:6      | Killed Pikel
  6743 | D:7      | Noticed a hornet
  6792 | D:7      | Slain by a hornet

Illustrated notes

Levels and vault maps discovered:
D:1:      reono_arrival_mine, layout_loops_ring,
          dreamdust_ecumenical_altar_hidden_monk_grotto,
          corexii_item_surrounded_by_moat
D:2:      wad_river_or_something, layout_basic, uniq_jessica
D:3:      minmay_thinvault, layout_loops_corners,
          mainiacjoe_overflow_small_starburst, serial_rivers,
          chequers_serial_rivers_micro_d, chequers_serial_rivers_micro_a,
          chequers_serial_rivers_micro_a, chequers_serial_rivers_small_b,
          chequers_serial_rivers_large_a, nrook_mini_vaults, uniq_terence
D:4:      layout_loops_corners
D:5:      layout_layer_cave
D:6:      layout_basic, lemuel_round_altar, minmay_temple_entry_arrows,
          serial_shops, shop_statue, uniq_blork_the_orc
D:7:      layout_basic, nrook_campfire, hangedman_decor_riveting, uniq_pikel,
          uniq_prince_ribbit1
Temple:   nicolae_temple_x_marks_the_god

Skill      XL: |  1  2  3  4  5  6  7  8  9 |
---------------+----------------------------+-----
Fighting       | 4 5 6 7 |  7.6
Armour         | 4 5 7 |  7.6
Shields        | 4 5 6 7 |  7.6
Maces & Flails | 3 4 5 6 |  6.5

Action                     |  1- 3 |  4- 6 |  7- 9 || total
---------------------------+-------+-------+-------++-------
  Melee: Flail             |   113 |    64 |       ||   177
         Morningstar       |       |   186 |   199 ||   385
  Throw: Dart              |       |     1 |       ||     1
    Use: Scroll            |       |    16 |       ||    16
 Armour: Scale mail        |    68 |   131 |    90 ||   289
  Dodge: Dodged            |    50 |   195 |   183 ||   428
  Block: Buckler           |    15 |    63 |    53 ||   131

Table legend: (Time is in decaauts)
 A = Elapsed time spent in this place.
 B = Non-inter-level travel time spent in this place.
 C = Inter-level travel time spent in this place.
 D = Time resting spent in this place.
 E = Time spent auto-exploring this place.
 F = Levels seen in this place.
 G = Mean time per level.
                   A        B        C        D        E       F      G
               +--------+--------+--------+--------+--------+-----+--------+
         Total |   6971 |   6640 |    331 |    149 |   5113 |   8 |  871.4 |
       Dungeon |   6931 |   6620 |    311 |    149 |   5098 |   7 |  990.1 |
        Temple |     39 |     19 |     20 |      0 |     15 |   1 |   39.0 |
               +--------+--------+--------+--------+--------+-----+--------+

Top non-repeatable levels by time:
     D:5: 1357 daAuts
     D:3: 1349 daAuts
     D:2: 1062 daAuts
     D:6: 1042 daAuts
     D:4: 1022 daAuts
     D:1: 794 daAuts
     D:7: 302 daAuts
  Temple: 39 daAuts
